 Dungeon Crawl Stone Soup version 0.18.1-48-g4cf74bf (webtiles) character file.

185626 atgrul the Eclecticist (level 18, -11/116 HPs)
             Began as a Gargoyle Earth Elementalist on Aug 4, 2016.
             Was an Initiate of Gozag.
             Killed by a fireball (58 damage)
             ... invoked by the wrath of Vehumet
             ... on level 2 of the Snake Pit on Aug 14, 2016.
             The game lasted 07:16:40 (64891 turns).

atgrul the Eclecticist (GrEE)                      Turns: 64891, Time: 07:16:45

Health: -11/116    AC: 28    Str: 15    XL:     18   Next: 45%
Magic:  12/37      EV: 20    Int: 27    God:    Gozag
Gold:   691        SH:  0    Dex: 10    Spells: 10 memorised, 4 levels left

rFire  . . .     SeeInvis .     K - staff of conjuration
rCold  + . .     Gourm    .     l - +2 robe {rC+}
rNeg   + . .     Faith    .     (no shield)
rPois  ∞         Spirit   .     H - +2 hat
rElec  +         Dismiss  .     y - +2 cloak
rCorr  .         Reflect  .     N - +2 pair of gloves "Yqeon" {Int+4}
SustAt .         Harm     .     i - +2 pair of boots
MR     +....                    U - amulet of regeneration
Stlth  ++........               T - +4 ring of evasion
                                v - ring of wizardry

@: somewhat resistant to hostile enchantments, unstealthy
A: big wings, clever 1, negative energy resistance 1, electricity resistance,
unbreathing, petrification resistance, rot immunity, AC +13
a: Fly, Potion Petition, Call Merchant, Bribe Branch, Renounce Religion


You were on level 2 of the Snake Pit.
You worshipped Gozag.
Gozag was noncommittal.
You were not hungry.

You visited 6 branches of the dungeon, and saw 33 of its levels.

You collected 3608 gold pieces.
You spent 1272 gold pieces at shops.
You paid 1645 gold pieces to Gozag.

Inventory:

Hand Weapons
 o - a +4 dagger of protection
Missiles
 b - 896 stones (quivered)
Armour
 g - the +1 robe "Yddicuc" {rF+}
   (You found it on level 1 of the Swamp)

   It protects you from fire.
 i - a +2 pair of boots (worn)
 l - a +2 robe of cold resistance (worn)
 y - a +2 cloak (worn)
 H - a +2 hat (worn)
 N - the +2 pair of gloves "Yqeon" (worn) {Int+4}
   (You found it on level 6 of the Dungeon)

   It affects your intelligence (+4).
 X - a fire dragon hide
Magical Staves
 K - an uncursed staff of conjuration (weapon)
Jewellery
 t - an uncursed amulet of faith
 v - a ring of wizardry (left hand)
 L - an uncursed ring of sustain attributes
 R - an uncursed ring of protection from magic
 S - an uncursed amulet of dismissal
 T - a +4 ring of evasion (right hand)
 U - an amulet of regeneration (around neck)
Wands
 c - a wand of enslavement (7/24)
 k - a wand of iceblast (8/15)
 w - a wand of paralysis (8/24)
 V - a wand of acid (0/15)
 W - a wand of enslavement (0/24)
Scrolls
 a - 2 scrolls of brand weapon
 f - a scroll of holy word
 q - 2 scrolls of enchant armour
 r - 9 scrolls of remove curse
 B - 7 scrolls of recharging
 C - 4 scrolls of identify
 E - 7 scrolls of enchant weapon
 O - a scroll of amnesia
 Q - 2 scrolls of fog
Potions
 d - 3 potions of brilliance
 m - 4 potions of cure mutation
 n - 7 potions of flight
 p - 3 potions of might
 A - 5 potions of agility
 I - 4 potions of cancellation
 M - 2 potions of haste
Books
 j - a book of the Tempests

   Spells                             Type                      Level
   a - Static Discharge               Conjuration/Air              3
   b - Lightning Bolt                 Conjuration/Air              5
   c - Fireball                       Conjuration/Fire             5
   d - Tornado                        Air                          9
   e - Shatter                        Earth                        9
 s - a book of Envenomations

   Spells                             Type                      Level
   a - Spider Form                    Transmutation/Poison         3
   b - Olgreb's Toxic Radiance        Poison                       4
   c - Alistair's Intoxication        Transmutation/Poison         5
   d - Poisonous Cloud                Conjuration/Poison/Air       6
 u - the Incunabulum of the Rocks and Toxins
   (You bought it in a shop on level 11 of the Dungeon)

   Spells                             Type                      Level
   a - Cure Poison                    Poison                       2
   b - Leda's Liquefaction            Hexes/Earth                  4
   c - Bolt of Magma                  Conjuration/Fire/Earth       5
   d - Iron Shot                      Conjuration/Earth            6
 x - a book of the Dragon

   Spells                             Type                      Level
   a - Flame Tongue                   Conjuration/Fire             1
   b - Cause Fear                     Hexes                        4
   c - Bolt of Fire                   Conjuration/Fire             6
   d - Dragon Form                    Transmutation                7
   e - Dragon's Call                  Summoning                    9
 G - a book of Clouds

   Spells                             Type                      Level
   a - Mephitic Cloud                 Conjuration/Poison/Air       3
   b - Conjure Flame                  Conjuration/Fire             3
   c - Poisonous Cloud                Conjuration/Poison/Air       6
   d - Freezing Cloud                 Conjuration/Ice/Air          6
   e - Ring of Flames                 Charms/Fire                  7
Miscellaneous
 e - a box of beasts {used: 3}
 J - a box of beasts {used: 2}
 Y - a phial of floods (inert)
 Z - a fan of gales (inert)
Comestibles
 h - a beef jerky
 z - 4 meat rations


   Skills:
 - Level 14.0 Fighting
 - Level 0.1 Throwing
 - Level 11.3 Dodging
 - Level 2.4 Stealth
 * Level 15.9 Spellcasting
 - Level 15.0 Conjurations
 - Level 0.3 Hexes
 * Level 6.6 Summonings
   Level 0.7 Transmutations
 - Level 6.7 Fire Magic
 - Level 1.0 Air Magic
 - Level 14.3 Earth Magic


You had 4 spell levels left.
You knew the following spells:

 Your Spells              Type           Power        Failure   Level  Hunger
a - Sandblast             Erth           ######       0%          1    None
b - Stone Arrow           Conj/Erth      ######       0%          3    None
c - Lee's Rapid Deconstr  Erth           #######...   1%          5    None
d - Repel Missiles        Chrm/Air       ###...       1%          2    None
e - Swiftness             Chrm/Air       ###.....     1%          2    None
f - Iron Shot             Conj/Erth      ########..   1%          6    ####...
g - Inner Flame           Hex/Fire       #####...     1%          3    None
h - Spellforged Servitor  Conj/Summ      #######...   12%         7    #####..
i - Orb of Destruction    Conj           ########..   2%          7    #####..
j - Lehudib's Crystal Sp  Conj/Erth      ########..   16%         8    #######


Dungeon Overview and Level Annotations

Branches:
Dungeon (15/15)            Temple (1/1) D:5            Lair (8/8) D:10
  Swamp (4/4) Lair:3        Snake (3/4) Lair:6        Slime (0/6) Lair:6
    Orc (2/2) D:11            Elf (0/3) Orc:2        Vaults (0/5) D:13
 Depths: D:15

Altars:
Ashenzari
Cheibriados
Dithmenos
Elyvilon
Fedhas
Gozag
Kikubaaqudgha
Makhleb
Nemelex Xobeh
Okawaru
Pakellas
Qazlal
Ru
Sif Muna
Trog
Vehumet
Xom
Yredelemnul
Zin
The Shining One
Beogh

Shops:
D:5 !   D:6 (   D:11 :   D:12 }:?(!   Orc:1 }   Orc:2 [*(:

Annotations:
D:14 Agnes
Lair:7 exclusion: 2 downstairs


Innate Abilities, Weirdness & Mutations

You are resistant to torment.
Your stone body is resilient (AC +13).
You are immune to poison.
Your large and strong wings let you fly indefinitely.
You resist negative energy.
You are resistant to electric shocks.
You can survive without breathing.
You are immune to petrification.
You are immune to rotting.
Your mind is acute. (Int +2)


Message History

The stone arrow hits the salamander.
You kill the salamander!
You start resting.
You start resting.
You see here a leather armour.
Your larval stingshock beast barely misses the naga mage.
Your larval stingshock beast stings the naga mage.
You start resting.
Your larval stingshock beast bursts into living lightning!
The living lightning hits the naga mage. x2
The naga mage dies!
Your larval stingshock beast blinks!
Your magical contamination has completely faded away.
You start resting.
Your larval stingshock beast disappears in a puff of smoke!
Vehumet rains destruction down upon you!
The fireball explodes!
The fireball engulfs you!
Ouch! That really hurt!
You die...
Your body crumbles into a pile of gold.

#..## #..........### ###.#
#### ##.........### ##.##
##......##N..## #.#.##
##....$##......#####.##.#
##.......)[.......##.#####
#..###.....#...#.....##
######...$###...#..##.##
#.....####.......#.##
#.....@##...........#
##.$....#....#########
##...........##
#...........## #
##..$$......## ##
###.......###.#
.#####........## ###
#.............#
#..[.........##


You could see the wrath of Vehumet (unaware).

Vanquished Creatures
  Gastronok (Lair:3)
  A greater naga (Snake:2)
  2 thorn hunters
  Maud (Lair:4)
  An orc warlord (Orc:2)
  Louise (Swamp:4)
  A deep elf annihilator (D:10)
  A vault guard (D:13)
  Fannar (Lair:3)
  20 hydras
  2 fire dragons (Swamp:4)
  2 naga warriors (Snake:2)
  Erica (D:8)
  3 ghost crabs (Swamp:2)
  8 alligators
  13 death yaks
  A death knight (D:15)
  An orc high priest (Orc:2)
  4 naga sharpshooters
  6 shock serpents
  10 swamp dragons
  3 unseen horrors
  A wizard (D:15)
  A giant orange brain (D:14)
  The ghost of Trysia the Carver, a novice MiBe of Trog (D:7)
  8 hill giants
  A naga ritualist (Snake:2)
  2 shambling mangroves
  2 lindwurms (Swamp:4)
  5 mana vipers
  6 orc knights
  A wolf spider (D:13)
  3 orc sorcerers
  A hornet (Swamp:2)
  4 cyclopes
  2 deep elf magi
  An oklob plant (Lair:1)
  5 ugly things
  4 salamanders
  15 elephants
  14 black mambas
  A torpor snail (Lair:8)
  6 naga magi
  3 rime drakes
  31 spiny frogs
  A kobold demonologist (D:12)
  4 yaktaurs (D:15)
  2 freezing wraiths (D:15)
  10 komodo dragons
  2 redback zombies (D:15)
  9 giant leeches
  7 trolls
  3 two-headed ogres
  A harpy zombie (D:15)
  2 spriggan druids
  Grinder (D:3)
  6 polar bears
  6 bog bodies
  25 slime creatures
  26 blink frogs
  A blink frog (shapeshifter) (D:15)
  7 redbacks (Lair:8)
  2 vampires (D:14)
  Sigmund (D:6)
  2 shadows
  6 wraiths
  2 wyverns
  A wyvern (shapeshifter) (D:15)
  15 spriggans
  8 basilisks
  53 yaks
  3 steam dragons
  13 hippogriffs
  2 hungry ghosts
  10 vampire mosquitoes
  5 mottled dragons
  10 wargs
  2 soldier ants
  11 insubstantial wisps
  30 swamp worms
  A swamp worm (shapeshifter) (D:15)
  13 nagas
  14 water moccasins
  19 porcupines
  9 black bears
  8 phantoms
  14 swamp drakes
  11 wasps
  4 ice beasts
  5 sky beasts
  43 orc warriors
  30 wolves
  13 ogres
  12 centaurs
  25 crocodiles
  A big kobold (shapeshifter) (D:15)
  6 big kobolds
  A gnoll sergeant (D:11)
  31 giant frogs
  A scorpion (shapeshifter) (D:15)
  3 scorpions
  4 wights
  25 killer bees
  2 howler monkeys (D:7)
  6 electric eels
  6 crimson imps
  4 centaur zombies
  6 giant frog zombies
  25 orc priests
  8 hounds
  4 jellies
  22 orc wizards
  3 giant frog skeletons
  8 centaur skeletons
  5 iguanas
  13 worker ants
  27 sheep
  3 killer bee zombies (D:9)
  A hound skeleton (D:6)
  10 gnolls
  14 adders
  102 river rats
  2 shadow imps
  11 white imps (Swamp:1)
  3 oozes
  An adder zombie (D:5)
  An adder skeleton (D:4)
  12 worms
  5 dart slugs
  6 giant geckos
  97 orcs
  2 ball pythons
  9 giant cockroaches
  5 goblins
  7 hobgoblins
  11 jackals
  14 kobolds
  5 quokkas
  14 bats
  6 giant newts
  A jackal skeleton (D:5)
  A jackal zombie (D:5)
  3 quokka skeletons
  A quokka zombie (D:5)
  2 rats
  A fire vortex (Swamp:4)
  2 fungi
  2 plants
1277 creatures vanquished.

Vanquished Creatures (collateral kills)
  Mara (Swamp:3)
  A fire dragon (Swamp:4)
  Josephine (Orc:1)
  2 hydras
  A naga warrior (Snake:2)
  2 anacondas (Snake:1)
  A catoblepas (Lair:8)
  A ghost crab (Swamp:2)
  The ghost of Joat the Vandal, a novice TrMo of Okawaru (D:8)
  3 naga sharpshooters
  5 shock serpents
  A salamander mystic (Snake:3)
  A swamp dragon (Swamp:4)
  2 naga ritualists (Snake:1)
  An orc knight (Orc:1)
  2 mana vipers
  A wolf spider (D:15)
  2 salamanders (Snake:2)
  A guardian serpent (Snake:3)
  5 black mambas
  A naga mage (Snake:2)
  A polar bear (Lair:8)
  A spriggan (Lair:8)
  A redback (Lair:8)
  A wraith (Orc:1)
  11 nagas
  2 wasps
  A wolf (Lair:8)
  2 orc priests
  An orc wizard (D:15)
  A white imp (Swamp:2)
  3 orcs
61 creatures vanquished.

Vanquished Creatures (others)
  2 hydras (Swamp:4)
  An unseen horror (D:13)
  A lindwurm (Swamp:4)
  A spriggan (Swamp:4)
  A swamp worm (Swamp:2)
  2 wasps
  7 swamp drakes (Swamp:4)
  80 fungi
  49 plants
144 creatures vanquished.

Grand Total: 1482 creatures vanquished

Notes
Turn   | Place    | Note
--------------------------------------------------------------
     0 | D:1      | atgrul the Gargoyle Earth Elementalist began the quest for the Orb.
     0 | D:1      | Reached XP level 1. HP: 10/10 MP: 3/3
   149 | D:1      | Reached XP level 2. HP: 10/16 MP: 0/5
   523 | D:1      | Reached skill level 1 in Fighting
   606 | D:1      | Reached XP level 3. HP: 20/20 MP: 2/6
  1258 | D:2      | Reached XP level 4. HP: 26/26 MP: 2/7
  1820 | D:3      | Found a shadowy altar of Dithmenos.
  1873 | D:3      | Noticed Grinder
  2155 | D:3      | Found a faded altar to an unknown god.
  2583 | D:3      | Paralysed by Grinder for 4 turns
  2787 | D:4      | Reached XP level 5. HP: 31/31 MP: 5/9
  3035 | D:4      | Learned a level 3 spell: Stone Arrow
  3059 | D:4      | Reached skill level 5 in Earth Magic
  3278 | D:5      | Entered Level 5 of the Dungeon
  3278 | D:5      | Noticed an ogre
  3396 | D:5      | Noticed a centaur
  3404 | D:5      | Killed a centaur
  3404 | D:5      | Reached XP level 6. HP: 27/37 MP: 1/10
  3558 | D:5      | Noticed a sky beast
  3723 | D:5      | Killed a sky beast
  3926 | D:5      | Reached XP level 7. HP: 17/42 MP: 2/11
  4110 | D:5      | Found Umemob's Distillery.
  4304 | D:5      | Learned a level 5 spell: Lee's Rapid Deconstruction
  4457 | D:5      | Reached skill level 1 in Conjurations
  4654 | D:5      | Found a staircase to the Ecumenical Temple.
  4660 | Temple   | Entered the Ecumenical Temple
  4940 | D:5      | Reached XP level 8. HP: 48/48 MP: 7/12
  5628 | D:6      | Noticed Sigmund
  5647 | D:6      | Killed Sigmund
  5647 | D:6      | Reached skill level 5 in Fighting
  5969 | D:6      | Got a pair of brightly glowing gloves
  5975 | D:6      | Identified the +2 pair of gloves "Yqeon" {Int+4} (You found it on level 6 of the Dungeon)
  6122 | D:6      | Found Byzo's Weapon Boutique.
  6138 | D:6      | Reached skill level 10 in Earth Magic
  6156 | D:6      | Got an amethyst-encrusted chain mail
  6232 | D:6      | Found a sacrificial altar of Ru.
  6779 | D:7      | Found a radiant altar of Vehumet.
  6856 | D:7      | Found an opulent altar of Gozag.
  6866 | D:7      | Reached XP level 9. HP: 53/54 MP: 6/15
  6923 | D:7      | Noticed Trysia's ghost (novice MiBe)
  7340 | D:3      | Killed Grinder
  7340 | D:3      | Reached skill level 5 in Spellcasting
  7447 | D:3      | Found a sparkling altar of Nemelex Xobeh.
  7952 | D:6      | Identified the +1 chain mail "Idgheen" {*Confuse rElec rPois Int+3} (You found it on level 6 of the Dungeon)
  8235 | D:7      | Learned a level 2 spell: Repel Missiles
  8498 | D:8      | Noticed Erica
  8600 | D:8      | Killed Erica
  8721 | D:8      | Noticed Joat's ghost (novice TrMo)
  9494 | D:7      | Learned a level 2 spell: Swiftness
  9536 | D:7      | Became a worshipper of Vehumet
  9582 | D:7      | Reached XP level 10. HP: 63/63 MP: 13/19
 10409 | D:9      | Found a snail-covered altar of Cheibriados.
 10808 | D:9      | Reached * piety under Vehumet
 10808 | D:9      | Offered knowledge of Sting by Vehumet.
 10891 | D:9      | Reached skill level 5 in Conjurations
 11507 | D:9      | Learned a level 1 spell: Sting
 11853 | D:9      | Reached ** piety under Vehumet
 11853 | D:9      | Offered knowledge of Searing Ray by Vehumet.
 12131 | D:10     | Entered Level 10 of the Dungeon
 12190 | D:10     | Noticed a three-headed hydra
 12523 | D:10     | Reached skill level 1 in Air Magic
 12528 | D:10     | Found a staircase to the Lair.
 12621 | D:9      | Offered knowledge of Inner Flame by Vehumet.
 12621 | D:9      | Reached XP level 11. HP: 14/69 MP: 2/23
 12887 | D:9      | Learned a level 3 spell: Inner Flame
 13014 | D:10     | Reached skill level 1 in Fire Magic
 13575 | D:10     | Noticed a hill giant
 13585 | D:10     | Killed a hill giant
 13863 | D:9      | Reached *** piety under Vehumet
 14498 | D:11     | Noticed a hill giant
 15038 | D:11     | Noticed a deep elf annihilator
 15053 | D:10     | Killed a deep elf annihilator
 15053 | D:10     | Offered knowledge of Fulminant Prism by Vehumet.
 15390 | D:12     | Reached skill level 5 in Fire Magic
 15394 | D:12     | Noticed a deep elf mage
 15449 | D:10     | Killed a hill giant
 15681 | D:11     | Reached skill level 10 in Fighting
 15885 | D:11     | Found a staircase to the Orcish Mines.
 15892 | D:11     | Reached **** piety under Vehumet
 16220 | D:11     | Noticed a hill giant
 16229 | D:11     | Killed a hill giant
 16229 | D:11     | Offered knowledge of Ignite Poison by Vehumet.
 16358 | D:11     | Killed an unseen horror
 16521 | D:11     | Noticed an eight-headed hydra
 16530 | D:11     | Killed an eight-headed hydra
 17035 | D:11     | Found Nesch's Book Shop.
 17248 | D:11     | Reached XP level 12. HP: 56/80 MP: 4/24
 18303 | D:8      | Killed Joat's ghost
 18792 | Lair:1   | Entered Level 1 of the Lair of Beasts
 18885 | D:10     | Reached ***** piety under Vehumet
 18895 | D:10     | Offered knowledge of Bolt of Fire by Vehumet.
 19003 | D:10     | Learned a level 6 spell: Bolt of Fire
 20468 | Lair:2   | Reached skill level 5 in Dodging
 20786 | D:11     | Bought the Incunabulum of the Rocks and Toxins for 747 gold pieces
 20794 | D:11     | Learned a level 6 spell: Iron Shot
 20982 | D:10     | Killed a three-headed hydra
 21785 | Lair:2   | Noticed an eight-headed hydra
 21791 | Lair:2   | Killed an eight-headed hydra
 22179 | Lair:3   | Reached XP level 13. HP: 65/84 MP: 16/26
 22409 | Lair:3   | Found a burning altar of Makhleb.
 22872 | Lair:2   | Offered knowledge of Orb of Destruction by Vehumet.
 23404 | Lair:3   | Reached skill level 10 in Conjurations
 23456 | Lair:3   | Noticed Gastronok
 23555 | Lair:3   | Killed Gastronok
 23555 | Lair:3   | Reached skill level 10 in Spellcasting
 24104 | Lair:3   | Noticed Fannar
 24121 | Lair:3   | Killed Fannar
 24287 | Lair:3   | Found a staircase to the Swamp.
 26219 | Lair:4   | Noticed Maud
 26226 | Lair:4   | Killed Maud
 27608 | Lair:4   | Gained mutation: Your large and strong wings let you fly indefinitely. [Gargoyle growth]
 27608 | Lair:4   | Reached XP level 14. HP: 90/90 MP: 15/28
 28676 | Lair:5   | Learned a level 7 spell: Orb of Destruction
 28959 | Lair:5   | Found a sacrificial altar of Ru.
 29712 | Lair:6   | Gained mutation: Your mind is acute. (Int +2) [potion of beneficial mutation]
 29998 | Lair:6   | Found a staircase to the Slime Pits.
 30058 | Lair:6   | Found a staircase to the Snake Pit.
 31041 | Lair:7   | Identified a scroll of acquirement
 31387 | Lair:7   | Offered knowledge of Delayed Fireball by Vehumet.
 32081 | Lair:8   | Entered Level 8 of the Lair of Beasts
 34006 | Lair:8   | Reached XP level 15. HP: 73/97 MP: 8/30
 35736 | Lair:8   | Reached skill level 15 in Conjurations
 35978 | Lair:8   | Offered knowledge of Irradiate by Vehumet.
 36232 | Lair:8   | Got a faintly glowing war axe
 36233 | Lair:8   | Identified the +9 war axe of Impatience {freeze, Dex+8} (You found it on level 8 of the Lair of Beasts)
 37644 | D:7      | Killed Trysia's ghost
 38441 | Orc:1    | Entered Level 1 of the Orcish Mines
 38441 | Orc:1    | Found a roughly hewn altar of Beogh.
 38585 | Orc:1    | Found Loxylif's Gadget Shoppe.
 38749 | Orc:2    | Entered Level 2 of the Orcish Mines
 39110 | Orc:2    | Found Xotziev's Book Shop.
 39635 | Orc:2    | Offered knowledge of Poison Arrow by Vehumet.
 39853 | Orc:2    | Noticed an orc warlord
 39853 | Orc:2    | Paralysed by an orc sorcerer for 6 turns
 40168 | Orc:2    | Found Yruc's Antique Weapon Shoppe.
 40223 | Orc:2    | Killed an orc warlord
 40654 | Orc:1    | Found a roughly hewn altar of Beogh.
 40670 | Orc:1    | Noticed Josephine
 40681 | Orc:1    | Killed Josephine
 42421 | Orc:2    | Reached ****** piety under Vehumet
 42432 | Orc:2    | Found Feqesero's General Store.
 42492 | Orc:2    | Bought a potion of heal wounds for 70 gold pieces
 42535 | Orc:2    | Found Lajusour's Antique Armour Shop.
 42588 | Orc:2    | Offered knowledge of Spellforged Servitor by Vehumet.
 42709 | Orc:2    | Found a staircase to the Elven Halls.
 43017 | D:12     | Found Quxoq's Antique Weapon Shoppe.
 43041 | D:12     | Found a basalt altar of Yredelemnul.
 43061 | D:12     | Found Vanoc's Gadget Boutique.
 43082 | D:12     | Reached XP level 16. HP: 104/105 MP: 22/32
 43159 | D:12     | Found Ypnie's Book Shop.
 43159 | D:12     | Found Igibuwudd's Magic Scroll Boutique.
 43186 | D:12     | Bought a scroll of identify for 26 gold pieces
 43186 | D:12     | Bought a scroll of fear for 45 gold pieces
 43186 | D:12     | Bought a scroll of teleportation for 39 gold pieces
 43291 | D:12     | Found a blossoming altar of Fedhas.
 43400 | D:12     | Found Notuwkir's Distillery.
 45180 | D:13     | Found a gate to the Vaults.
 45417 | D:13     | Learned a level 7 spell: Spellforged Servitor
 45649 | D:13     | Reached skill level 1 in Summonings
 46036 | D:14     | Offered knowledge of Bolt of Cold by Vehumet.
 46277 | D:14     | Noticed Agnes
 46466 | D:15     | Entered Level 15 of the Dungeon
 48275 | D:15     | Reached skill level 5 in Summonings
 49521 | Swamp:1  | Entered Level 1 of the Swamp
 50219 | Swamp:1  | Found a frozen archway.
 50880 | Swamp:1  | Got a smoking robe
 50891 | Swamp:1  | Identified the cursed +1 robe "Yddicuc" {rF+} (You found it on level 1 of the Swamp)
 51191 | Swamp:1  | Found a white marble altar of Elyvilon.
 51689 | Swamp:2  | Noticed a thorn hunter
 51694 | Swamp:2  | Killed a thorn hunter
 52826 | Swamp:2  | Reached XP level 17. HP: 107/111 MP: 1/33
 53907 | Swamp:3  | Noticed Mara
 53974 | Swamp:3  | Killed Mara
 54528 | Swamp:4  | Entered Level 4 of the Swamp
 54581 | Swamp:4  | Reached skill level 10 in Dodging
 55853 | Swamp:4  | Noticed Louise
 55859 | Swamp:4  | Killed Louise
 56649 | Swamp:3  | Offered knowledge of Lehudib's Crystal Spear by Vehumet.
 56649 | Swamp:3  | Offered knowledge of Fire Storm by Vehumet.
 56649 | Swamp:3  | Offered knowledge of Glaciate by Vehumet.
 59650 | Snake:1  | Entered Level 1 of the Snake Pit
 59670 | Snake:1  | Got a steaming robe
 59681 | Snake:1  | Identified the cursed +0 robe of the Loofah {rN+ Stlth+} (You found it on level 1 of the Snake Pit)
 59867 | Snake:1  | Got a fine trident
 59868 | Snake:1  | Identified the cursed +0 trident of Destiny {pierce, rElec Dex-4 SInv} (You found it on level 1 of the Snake Pit)
 60222 | Lair:5   | Reached XP level 18. HP: 110/116 MP: 10/36
 61024 | Snake:1  | Reached skill level 15 in Spellcasting
 62089 | Snake:2  | HP: 5/116 [shock serpent/bolt of electricity (4)]
 62927 | Snake:2  | Learned a level 8 spell: Lehudib's Crystal Spear
 63196 | D:7      | Fell from the grace of Vehumet
 63196 | D:7      | Became a worshipper of Gozag Ym Sagoz the Greedy
 63201 | D:7      | Bought 2 fruits for 30 gold pieces
 63201 | D:7      | Bought a beef jerky for 15 gold pieces
 63201 | D:7      | Bought a meat ration for 50 gold pieces
 63201 | D:7      | Bought a meat ration for 50 gold pieces
 63201 | D:7      | Bought a bread ration for 50 gold pieces
 63201 | D:7      | Bought a meat ration for 50 gold pieces
 63201 | D:7      | Bought a meat ration for 50 gold pieces
 63201 | D:7      | Bought a meat ration for 50 gold pieces
 63881 | Snake:3  | HP: 1/116 [black mamba (9)]
 64891 | Snake:2  | Killed by a fireball

Skill      XL: |  1  2  3  4  5  6  7  8  9 10 11 12 13 14 15 16 17 18 |
---------------+-------------------------------------------------------+-----
Fighting       | 1 2 3 4 5 7 8 11 12 13 14 | 14.0
Earth Magic    | 4 6 7 8 10 11 12 13 14 | 14.3
Spellcasting   | 3 4 6 8 9 10 11 12 14 15 | 15.9
Conjurations   | 1 2 3 6 8 11 14 15 | 15.0
Air Magic      | 1 |  1.0
Fire Magic     | 6 |  6.7
Dodging        | 2 5 7 9 10 11 | 11.3
Summonings     | 6 |  6.6
Throwing       | |  0.1
Stealth        | |  2.4
Hexes          | |  0.3
Transmutations | |  0.7

Action                   |  1- 3 |  4- 6 |  7- 9 | 10-12 | 13-15 | 16-18 || total
-------------------------+-------+-------+-------+-------+-------+-------++-------
Melee: Unarmed           |    14 |       |       |       |       |       ||    14
       Dagger            |    48 |    95 |   316 |   768 |   488 |       ||  1715
       Staff             |       |       |       |    29 |   524 |   955 ||  1508
Throw: Stone             |    12 |    21 |    44 |    15 |    14 |     5 ||   111
 Cast: Sandblast         |    43 |    56 |   150 |   129 |    57 |    13 ||   448
       Stone Arrow       |       |    13 |    72 |   318 |   836 |   866 ||  2105
       Lee's Rapid Decon |       |       |     7 |    17 |    16 |     3 ||    43
       Sting             |       |       |       |    11 |       |       ||    11
       Swiftness         |       |       |       |     3 |       |       ||     3
       Repel Missiles    |       |       |       |     2 |     1 |     1 ||     4
       Inner Flame       |       |       |       |     7 |       |       ||     7
       Iron Shot         |       |       |       |    13 |   103 |   142 ||   258
       Bolt of Fire      |       |       |       |     8 |     2 |       ||    10
       Orb of Destructio |       |       |       |       |    47 |    57 ||   104
       Spellforged Servi |       |       |       |       |       |    17 ||    17
Invok: Potion Petition   |       |       |       |       |       |     1 ||     1
       Call Merchant     |       |       |       |       |       |     1 ||     1
 Abil: Fly               |       |       |       |       |       |     1 ||     1
Evoke: Wand              |       |       |     2 |     3 |    10 |     2 ||    17
       Phial of floods   |       |       |       |     1 |     2 |     1 ||     4
       Fan of gales      |       |       |       |       |     3 |     1 ||     4
       Box of beasts     |       |       |       |       |     1 |     4 ||     5
       Phantom mirror    |       |       |       |       |     1 |       ||     1
  Use: Scroll            |       |     9 |     9 |    10 |    13 |    29 ||    70
       Potion            |       |     1 |     3 |     5 |     9 |    11 ||    29
 Stab: Sleeping          |     1 |       |     1 |       |       |       ||     2
       Paralysed         |       |       |     1 |       |       |       ||     1
       Distracted        |       |       |       |       |       |     2 ||     2
  Eat: Chunk             |     2 |     9 |     3 |     7 |    54 |    30 ||   105
       Bread ration      |       |     2 |     4 |     5 |     3 |     6 ||    20
       Fruit             |       |       |       |    11 |    24 |     7 ||    42
       Meat ration       |       |       |       |     2 |     3 |    11 ||    16
       Royal jelly       |       |       |       |     1 |       |     1 ||     2
       Beef jerky        |       |       |       |       |     2 |     5 ||     7
       Pizza             |       |       |       |       |     9 |     1 ||    10
Armor: Robe              |    48 |    59 |   226 |   546 |   618 |   951 ||  2448
Dodge: Dodged            |    70 |    73 |   305 |  1054 |  1707 |  1892 ||  5101
       Deflected         |       |       |       |     5 |     5 |     4 ||    14
